[Event "*** Titled Tuesday Blitz"]
[Site "Chess.com"]
[Date "2021.03.02"]
[Round "9"]
[White "mikolka1985"]
[Black "Bodnar_Mykola"]
[Result "1-0"]
[WhiteElo "2650"]
[BlackElo "2502"]
[TimeControl "180+1"]
[EndTime "11:48:03 PST"]
[Termination "mikolka1985 won on time"]

1. d4 Nf6 2. c4 g6 3. Nc3 Bg7 4. e4 d6 5. Nf3 O-O 6. h3 e5 7.
d5 a5 8. Bg5 h6 9. Be3 Na6 10.
g4 Nc5 11. Nd2 Bd7 12. Be2 a4 13. h4 Nh7 14. Nf1 Bf6 15. Bxh6 Bxh4 16. Bxf8 Kxf8 17. Nd2 Kg7 18. Nf3 Be7 19. Qd2 Ng5 20. O-O-O Bf6 21. Kb1 Qe7 22. Qe3 Bxg4 23. Nd2 Bd7 24. Qg3 Rh8 25.
Rxh8 Kxh8 26. Rh1+ Kg8 27. Bg4 Be8 28. Qh4 c6 29. Qh2 Bg7 30. Qh4 Bf6 31. Qg3 Bg7 32. Qe3 Bf6 33. Nf3 Nxf3 34. Qxf3 Bg7 35. Qh3 Qg5 36.
Qh7+ Kf8 37. Qh3 Qf4 38. Qf3 Qg5 39. Be6 Ke7 40. Bc8 Kd8 41. Bg4 Kc7 42. Kc2 Bh6 43. Rd1 Bg7 44. b4 axb3+ 45. axb3 Na6 46. Kb2 c5 47.
Nb5+ Bxb5 48. cxb5 Nb4 49. Qxf7+ Kb6 50. Bc8 Ka5 51. Ra1+ 1-0

[Event "*** Titled Tuesday Blitz"]
[Site "Chess.com"]
[Date "2021.03.02"]
[Round "9"]
[White "Chernobay_Artem"]
[Black "Lion-Al-Messi"]
[Result "1-0"]
[WhiteElo "2621"]
[BlackElo "2447"]
[TimeControl "180+1"]
[EndTime "11:48:03 PST"]
[Termination "Chernobay_Artem won by resignation"]

1. d4 b6 2. c4 Bb7 3. Nc3 e6 4. Nf3 Bb4 5. g3 Nf6 6. Bg2 O-O 7. O-O d6 8. Qc2 Nbd7 9. a3 Bxc3 10. Qxc3 Ne4 11.
Qc2 Ndf6 12. b4 c5 13. Bb2 Qc7 14. dxc5 dxc5 15. b5 Rad8 16. a4 Qc8 17. a5 Nd6 18.
a6 Be4 19. Qc3 Bf5 20. Nd2 Bg6 21. e4 e5 22. f3 Rfe8 23. Rfe1 Qe6 24. f4 exf4 25.
e5 fxg3 26. hxg3 Nf5 27. exf6 Qxe1+ 28. Rxe1 Rxe1+ 29. Kf2 Rde8 30. Ne4 R1xe4 31. Bxe4 Rxe4 32. Qf3 Ne3 33. fxg7 Ng4+ 34. Kg2 Ne3+ 35. Kh1 Ng4 36. Bc3 h5 37. Kg1 Kh7 38. Qd1 Re3 39. Qd8 Rxg3+ 40. Kf1 Nh2+ 41. Ke1 Rg1+ 42. Kd2 Rg2+ 43. Kd1 Rg1+ 44. Kd2 Rg2+ 45. Kc1 Rg1+ 46. Kb2 Rg2+ 47.
Ka3 Bb1 48. Qh8+ Kg6 49. g8=Q+ Kf5 50. Qf6+ Ke4 51. Qxg2+ Kd3 52. Qxh2 1-0

[Event "*** Titled Tuesday Blitz"]
[Site "Chess.com"]
[Date "2021.03.02"]
[Round "9"]
[White "davidkalashian"]
[Black "djano"]
[Result "1-0"]
[WhiteElo "2589"]
[BlackElo "2477"]
[TimeControl "180+1"]
[EndTime "11:48:03 PST"]
[Termination "davidkalashian won by resignation"]

1. d4 d5 2. Nf3 Nf6 3. c4 e6 4.
Nc3 a6 5. Bg5 Be7 6. e3 dxc4 7. a4 c5 8. Bxc4 cxd4 9. exd4 Nc6 10. O-O O-O 11. Re1 Nb4 12. Ne5 Nfd5 13. Bxe7 Nxe7 14.
Qb3 Nbd5 15. Nxd5 exd5 16. Bd3 Bf5 17. Rac1 Bxd3 18. Nxd3 Rb8 19. Ne5 Nf5 20. Qd3 Nd6 21. b3 f6 22. Ng4 Re8 23. Ne3 Qa5 24. Qc3 Qxc3 25. Rxc3 Nf5 26. Rd1 Nxe3 27. fxe3 Rbc8 28. Rdc1 Rxc3 29. Rxc3 Kf7 30. Kf2 Ke6 31. Rc7 Re7 32. Rc8 Kd7 33. Rc5 Kd6 34. Kf3 Rc7 35. Rxc7 Kxc7 36.
e4 Kd6 37. g4 g5 38. h3 a5 39. Ke3 Ke6 40. Kd3 Kd6 41. Ke3 Ke6 42. exd5+ Kxd5 43. Kd3 b6 44. Ke3 Kd6 45. Ke4 Ke6 46. d5+ Kd6 47.
Kd4 Kd7 48. Ke4 Kd6 49. Kf5 Kxd5 50. Kxf6 Kc5 51. Kxg5 Kb4 52. Kh6 Kxb3 53. Kxh7 Kxa4 54. g5 b5 55. g6 b4 56. g7 b3 57. g8=Q b2 58.
Qa2+ 1-0

[Event "*** Titled Tuesday Blitz"]
[Site "Chess.com"]
[Date "2021.03.02"]
[Round "9"]
[White "Manukyan_Artak"]
[Black "HackingKid98"]
[Result "1-0"]
[WhiteElo "2348"]
[BlackElo "2443"]
[TimeControl "180+1"]
[EndTime "11:48:03 PST"]
[Termination "Manukyan_Artak won by resignation"]

1. e4 c6 2. d4 d5 3. e5 Bf5 4. c4 e6 5. Nc3 Nd7 6. Nf3 h6 7. cxd5 cxd5 8. Qb3 Qb6 9. Bb5 O-O-O 10.
a4 Kb8 11. a5 Qc7 12. a6 b6 13.
O-O Ne7 14. Be3 Nc6 15. Rfc1 Nb4 16. Ne1 Ka8 17. Na2 Nc2 18. Nxc2 Nb8 19. Ncb4 Qe7 20. Nc6 Nxc6 21. Bxc6+ Kb8 22. Bd2 Qh4 23. Bb5 Qxd4 24. Bc3 Qf4 25. Nb4 Bc5 26. Nc6+ Ka8 27. Be1 Rc8 28.
Rxc5 bxc5 29. Qa4 Qxa4 30. Rxa4 Rc7 31. Ba5 Rcc8 32. Ne7 c4 33. Nxc8 Rxc8 34. Bc3 Kb8 35. f3 Kc7 36. Ba5+ Kb8 37. Kf2 Rc5 38. Rb4 Kc8 39. Ke3 g5 40. Kd4 c3 41. bxc3 Rc7 42. Bxc7 Kxc7 43. Be8 Bg6 44. Rb7+ Kd8 45. Bxf7 Bf5 46.
Rxa7 Kc8 47. Rb7 h5 48. Kc5 g4 49. fxg4 hxg4 50. Kb6 d4 51. a7 1-0

[Event "*** Titled Tuesday Blitz"]
[Site "Chess.com"]
[Date "2021.03.02"]
[Round "9"]
[White "gisela_roque"]
[Black "marvinguevara"]
[Result "1-0"]
[WhiteElo "1768"]
[BlackElo "2097"]
[TimeControl "180+1"]
[EndTime "11:48:04 PST"]
[Termination "gisela_roque won on time"]

1. c4 e5 2. Nc3 Nc6 3. Nf3 f5 4. d3 Nf6 5. Bg5 h6 6. Bd2 Bc5 7. g3 O-O 8. Bg2 e4 9. dxe4 fxe4 10. Nh4 e3 11. Bxe3 Bxe3 12. fxe3 Ng4 13. Bd5+ Rf7 14.
Bxf7+ Kxf7 15. Qd5+ Kf8 16. Qf5+ Nf6 17. O-O-O d6 18. Qf3 Bg4 19. Qf2 Ne5 20. h3 Be6 21. b3 Kg8 22. Rhf1 a5 23. g4 Nh7 24. Nf3 Nc6 25.
Nd4 Bd7 26. Qf7+ Kh8 27. Nf5 Bxf5 28. Rxf5 Ng5 29. Qh5 Nh7 30. Rdf1 Qe8 31. Qxe8+ Rxe8 32. e4 Nf6 33. Nd5 Nxe4 34. Rf8+ Rxf8 35. Rxf8+ Kh7 36.
Nxc7 Ng5 37. h4 Ne4 38. Ne6 Ne5 39. Re8 Nf6 40. Re7 Nfxg4 41. Rxg7+ Kh8 42. Rxb7 Ne3 43. Ra7 a4 44. Rxa4 Nf5 45. Ra5 Nxh4 46. Kc2 Nf5 47. Kc3 Ne7 48. b4 1-0

[Event "*** Titled Tuesday Blitz"]
[Site "Chess.com"]
[Date "2021.03.02"]
[Round "9"]
[White "CrazyMartian"]
[Black "shnitez"]
[Result "0-1"]
[WhiteElo "2284"]
[BlackElo "2495"]
[TimeControl "180+1"]
[EndTime "11:48:05 PST"]
[Termination "shnitez won by checkmate"]

1. d4 Nf6 2. c4 e6 3. Nc3 Bb4 4. Qc2 b6 5. a3 Bxc3+ 6. Qxc3 Bb7 7. Nf3 d6 8. Bg5 h6 9. Bh4 g5 10. Bg3 Ne4 11. Qc2 h5 12. h4 g4 13. Ng5 Nxg5 14. hxg5 Qxg5 15. Bh4 Qg6 16. Qxg6 fxg6 17. e3 O-O 18.
Rh2 Be4 19. Be2 Nc6 20. b4 Kg7 21. Kd2 Rf5 22. Rg1 Rg8 23. f3 gxf3 24. gxf3 Bxf3 25.
Bd3 Bg4 26. Bxf5 gxf5 27. Bf2 Kf7 28. Bh4 Kg6 29. Rf2 Nd8 30. Bxd8 Rxd8 31. Kd3 Kg5 32. e4 f4 33. c5 bxc5 34. bxc5 dxc5 35. Kc4 Rxd4+ 36.
Kxc5 Rxe4 37. Kc6 Rc4+ 38. Kb7 a5 39. Rb2 a4 40. Rb4 Rxb4+ 41. axb4 f3 42. Rc1 a3 43. Kxc7 a2 44. b5 f2 45. b6 Bh3 46. b7 f1=Q 47.
Rxf1 Bxf1 48. b8=Q a1=Q 49. Qd8+ Qf6 50. Qd2+ Qf4+ 51.
Qxf4+ Kxf4 52. Kd6 e5 53. Ke6 e4 54. Kf6 e3 55.
Kg6 Be2 56. Kh6 Bf3 57. Kg6 e2 58. Kf6 e1=Q 59. Kf7 Kg5 60. Kf8 Kg6 61. Kg8 Qe8# 0-1

[Event "*** Titled Tuesday Blitz"]
[Site "Chess.com"]
[Date "2021.03.02"]
[Round "9"]
[White "maheswaran26"]
[Black "Herman-NY"]
[Result "1-0"]
[WhiteElo "2322"]
[BlackElo "2445"]
[TimeControl "180+1"]
[EndTime "11:48:06 PST"]
[Termination "maheswaran26 won by resignation"]

1. d4 Nf6 2. Nf3 g6 3. c4 Bg7 4. Nc3 d6 5. e4 O-O 6. h3 c6 7.
Bg5 e5 8. d5 Qa5 9. Nd2 cxd5 10. cxd5 h6 11. Be3 Ne8 12. g4 a6 13. Nc4 Qd8 14. Nb6 Nd7 15. Nxa8 b5 16. Qb3 Bb7 17. a4 Bxa8 18. axb5 axb5 19. Bxb5 Nc5 20. Bxc5 dxc5 21.
Qa4 Nd6 22. Bc6 Bxc6 23. dxc6 Qh4 24. Nd5 f5 25. exf5 gxf5 26. gxf5 e4 27. O-O-O Rxf5 28.
Ne3 Qf6 29. Qc2 Rxf2 30. Rd2 Rf3 31. Ng4 Qf4 32. c7 Rd3 33. Rd1 Bd4 34. Nxh6+ Qxh6 35.
Qa4 Qf8 36. Qd7 Nc8 37. Qe6+ Kh7 38. Qxe4+ Kh8 39. Qxd3 Bg7 40. Qc4 Qf6 41. Rd8+ Kh7 42. Qe4+ Kh6 43. Qe3+ Kh5 44. Qe2+ Kh6 45. Qd2+ Kh7 46.
Rxc8 Qa6 47. Qc2+ Kh6 48. Qd2+ Kh7 49. Qd3+ Kh6 50. Qxa6+ 1-0

[Event "*** Titled Tuesday Blitz"]
[Site "Chess.com"]
[Date "2021.03.02"]
[Round "9"]
[White "Arseniy_Nesterov"]
[Black "Nuvas"]
[Result "1-0"]
[WhiteElo "2780"]
[BlackElo "2548"]
[TimeControl "180+1"]
[EndTime "11:48:07 PST"]
[Termination "Arseniy_Nesterov won by resignation"]

1. d4 d5 2. c4 c6 3. Nf3 Nf6 4. Nc3 e6 5. e3 Nbd7 6. Qc2 Bd6 7. b3 O-O 8. Be2 e5 9. cxd5 cxd5 10. Nb5 Bb8 11.
dxe5 Nxe5 12. Nxe5 Bxe5 13. Bb2 Bf5 14. Qc1 Rc8 15.
Bxe5 Rxc1+ 16. Rxc1 Qa5+ 17. Bc3 Qxa2 18. Nd4 Qa3 19. O-O Bg6 20. Ra1 Qc5 21. Rfc1 Qb6 22. Ba5 Qd6 23. Bc7 Qb4 24. Rxa7 Ne4 25. Raa1 h5 26. Ba5 Qd6 27. h3 h4 28. Bc7 Qf6 29. Bf3 Ng5 30. Bxd5 Be4 31. Bxe4 Nxe4 32. Rc2 Rc8 33.
Be5 Qd8 34. Rac1 Rxc2 35. Rxc2 Qa5 36. Nf3 f6 37. Bd4 Qa6 38. Nxh4 Qd3 39. Rb2 Qd1+ 40. Kh2 Qf1 41. f3 Nf2 42. Nf5 Qh1+ 43. Kg3 Nd3 44. Rc2 Qe1+ 45. Kh2 Kh7 46. Ng3 Nf2 47. Rc7 Kg6 48.
Rxb7 Nd1 49. e4 Qd2 50. Bg1 Ne3 51. Bxe3 Qxe3 52. Rxg7+ 1-0

[Event "*** Titled Tuesday Blitz"]
[Site "Chess.com"]
[Date "2021.03.02"]
[Round "9"]
[White "AttackSparrow"]
[Black "Supernotar"]
[Result "0-1"]
[WhiteElo "2537"]
[BlackElo "2682"]
[TimeControl "180+1"]
[EndTime "11:48:07 PST"]
[Termination "Supernotar won on time"]

1. e4 c6 2. d4 d5 3. exd5 cxd5 4. c4 Nf6 5. Nc3 e6 6. Nf3 Be7 7. cxd5 Nxd5 8. Bd3 Nc6 9. O-O O-O 10. Re1 Bf6 11. Be4 Nce7 12. Qd3 g6 13. a3 Bg7 14. Bg5 Qd6 15.
Qe2 h6 16. Bh4 Kh7 17. Bg3 Qd8 18. Rad1 b6 19. Ne5 Bb7 20. Nxd5 Bxd5 21. Bb1 Rc8 22. h4 Nf5 23. h5 Qg5 24. hxg6+ fxg6 25. Nf3 Qh5 26.
Be5 Bxe5 27. Nxe5 Qg5 28. Qg4 Qxg4 29. Nxg4 Kg7 30. Be4 Bb3 31. Rd2 Rfd8 32. d5 Bxd5 33. Bxd5 Rxd5 34. Rde2 Nd4 35. Re4 h5 36. Ne3 Rd6 37.
Nd1 Rc1 38. Nc3 Rxe1+ 39. Rxe1 Kf7 40. f3 Ke7 41. Kf2 b5 42. Ne4 Rc6 43. Rd1 e5 44.
Nc3 a5 45. f4 Kd6 46. fxe5+ Kxe5 47. Re1+ Kf5 48. Rd1 Rc4 49. Rd3 b4 50. axb4 axb4 51. Nd5 Rc2+ 52. Kf1 Ke4 53. Nxb4 Rxb2 0-1

[Event "*** Titled Tuesday Blitz"]
[Site "Chess.com"]
[Date "2021.03.02"]
[Round "9"]
[White "Matensien"]
[Black "MillyNeuf"]
[Result "1-0"]
[WhiteElo "2476"]
[BlackElo "2274"]
[TimeControl "180+1"]
[EndTime "11:48:08 PST"]
[Termination "Matensien won on time"]

1. d4 Nf6 2. c4 e6 3. Nc3 Bb4 4.
Qc2 O-O 5. Nf3 d5 6. cxd5 exd5 7. Bg5 c6 8. e3 h6 9. Bh4 g5 10.
Bg3 Ne4 11. Bd3 Bf5 12. a3 Bxc3+ 13. bxc3 Nd7 14. Nd2 Nxg3 15. hxg3 Bxd3 16. Qxd3 Qf6 17. g4 Kg7 18. Nf1 Qg6 19. Kd2 Qxd3+ 20. Kxd3 f5 21.
gxf5 Rxf5 22. f3 Re8 23. Ng3 Rf7 24. Rhf1 Kg6 25. e4 dxe4+ 26. fxe4 Nf6 27. Rf3 Rfe7 28. Re1 h5 29. e5 Nd5 30. Ne4 Nf4+ 31. Kd2 h4 32. g3 hxg3 33. Rxg3 Ne6 34. Nxg5 Nxg5 35. Reg1 Kf5 36. Rxg5+ Ke4 37. R1g4+ Kd5 38. Kd3 b5 39. Rg6 Re6 40. a4 a6 41. Rxe6 Rxe6 42. Rg7 c5 43.
axb5 axb5 44. Rb7 cxd4 45. cxd4 Rh6 46. Rxb5+ Kc6 47. Rc5+ Kd7 48. Kc4 Rh1 49. Kd5 Ke7 50. Ra5 Rb1 51. Ra7+ Kd8 52. e6 Kc8 53. Ke5 Rb5+ 54.
d5 Rb1 55. Rh7 Re1+ 56. Kd6 Kb8 57. Rh8+ Kb7 58. e7 Re2 59. e8=Q 1-0

[Event "*** Titled Tuesday Blitz"]
[Site "Chess.com"]
[Date "2021.03.02"]
[Round "9"]
[White "JulianProleiko"]
[Black "mbojan"]
[Result "0-1"]
[WhiteElo "2439"]
[BlackElo "2619"]
[TimeControl "180+1"]
[EndTime "11:48:10 PST"]
[Termination "mbojan won by resignation"]

1. e4 g6 2. d4 Bg7 3. Nc3 d6 4.
f4 a6 5. Nf3 b5 6. Bd3 Nd7 7.
Qe2 c5 8. e5 cxd4 9. Ne4 Nh6 10. a4 b4 11. exd6 O-O 12. O-O Bb7 13. Ne5 Nf5 14.
Nxd7 Qxd7 15. Nc5 Qxd6 16. Nxb7 Qb6 17. Qf3 Rab8 18. Be4 d3+ 19. Kh1 Nd4 20. Qf2 Rxb7 21. Bxb7 Qxb7 22. cxd3 Nb3 23. Rb1 Qd7 24. Be3 Qxa4 25. f5 Qb5 26. fxg6 hxg6 27. Qc2 Qd5 28. Qc4 Qxc4 29. dxc4 Rc8 30. Rbd1 a5 31. Rd7 Bf6 32. c5 Nxc5 33. Bxc5 Rxc5 34. b3 Kg7 35. Ra7 Rd5 36.
g3 Rd3 37. Rxa5 Rxb3 38. Rb5 Rb2 39. Rb7 b3 40. Rf3 Rb1+ 41. Kg2 b2 42. Rfb3 Rc1 43. h4 Rc4 44. R7b4 Rc5 45. Rb5 Rc6 46. Rb6 Rc2+ 47. Kh3 Bd4 48. R6b4 e5 49. Rb7 Rc1 50. Kg2 Kh6 51.
g4 f5 52. Rg3 fxg4 53. Rxg4 b1=Q 54. Kh3 Qxb7 0-1

[Event "*** Titled Tuesday Blitz"]
[Site "Chess.com"]
[Date "2021.03.02"]
[Round "9"]
[White "olksuna"]
[Black "Balla_Tamas"]
[Result "1/2-1/2"]
[WhiteElo "2677"]
[BlackElo "2520"]
[TimeControl "180+1"]
[EndTime "11:48:11 PST"]
[Termination "Game drawn by repetition"]

1. e4 d5 2. exd5 Qxd5 3. Nc3 Qd6 4. d4 Nf6 5. Nge2 c6 6. Bf4 Qb4 7. a3 Qa5 8. b4 Qd8 9. Ng3 Bg4 10. f3 Be6 11.
Nge4 Nxe4 12. fxe4 a5 13. Rb1 axb4 14. axb4 g6 15.
d5 cxd5 16. Bb5+ Nd7 17. Nxd5 Bxd5 18. Qxd5 e6 19. Qxb7 Bxb4+ 20. Kf1 O-O 21. Qxd7 Qf6 22. g3 g5 23. e5 Qf5 24. Kg2 Qxc2+ 25. Bd2 Bxd2 26. Qd3 Qxd3 27. Bxd3 Bc3 28. Rb5 Ra2+ 29. Kf3 Rd8 30. Rd1 Kg7 31. h4 h6 32. hxg5 hxg5 33.
Kg4 Bd2 34. Rb3 Rd4+ 35. Kf3 g4+ 36. Kg2 Bf4+ 37. Kg1 Bxe5 38. Rb5 Bxg3 39. Rg5+ Kf6 40. Rg8 Bf2+ 41. Kf1 Be3 42. Be2 Rxd1+ 43. Bxd1 Rf2+ 44. Ke1 Rf4 45. Rxg4 Bf2+ 46. Kf1 Rxg4 47. Bxg4 Be3 48. Be2 Bg5 49. Kg2 Ke5 50. Bd3 Kf4 51. Bc4 Bh4 52.
Ba2 Ke5 53. Bb3 f5 54. Kf3 Bg5 55. Bc2 Kf6 56. Bb1 e5 57. Bc2 Bf4 58. Bd3 Bc1 59. Bc2 Ba3 60. Bd3 Be7 61. Bc2 Bf8 62. Bb1 Bh6 63. Bc2 Ke6 64. Bb1 Kf6 65. Bc2 Kg5 66.
Bd3 Kf6 67. Bc2 1/2-1/2

[Event "*** Titled Tuesday Blitz"]
[Site "Chess.com"]
[Date "2021.03.02"]
[Round "9"]
[White "NikolaN98"]
[Black "Unknown_IM"]
[Result "1/2-1/2"]
[WhiteElo "2506"]
[BlackElo "2387"]
[TimeControl "180+1"]
[EndTime "11:48:12 PST"]
[Termination "Game drawn - insufficient material"]

1. d3 d5 2. Nf3 c5 3. g3 Nc6 4. Bg2 Nf6 5. O-O e5 6. e4 dxe4 7. dxe4 Qxd1 8. Rxd1 Nxe4 9. Re1 f5 10. Nxe5 Nxe5 11.
f3 Nxf3+ 12. Bxf3 Be6 13. Nc3 Kf7 14. Nxe4 fxe4 15. Bxe4 Be7 16. Bxb7 Rab8 17. Be4 Bf6 18. Rb1 Rhe8 19. b3 Bf5 20. Bd5+ Kg6 21. Bf4 Rbd8 22.
Bf3 Bxc2 23. Rxe8 Rxe8 24. Rc1 Bf5 25. Kg2 Bd4 26. Bd6 Be4 27. Bxc5 Bxf3+ 28. Kxf3 Rc8 29. Ba3 Re8 30. Rc6+ Bf6 31. Bb2 Rd8 32. Bxf6 gxf6 33. Ra6 Rd2 34. Rxa7 Rxh2 35. b4 Rb2 36. a3 Rb3+ 37.
Kf2 h5 38. Ra5 f5 39. Kg2 Kg5 40. b5 Rb2+ 41. Kf3 Rb3+ 42. Kf2 Rb2+ 43. Ke3 Rb3+ 44.
Kd4 Rxg3 45. Ra8 h4 46. b6 h3 47. b7 h2 48. Rh8 Rb3 49. Rg8+ Kf4 50. Rh8 Rxb7 51.
Rxh2 Ra7 52. Ra2 Ra4+ 53. Kc5 Kg3 54. Kb5 Ra8 55. a4 f4 56. a5 f3 57. a6 f2 58. Rxf2 Rb8+ 59. Kc6 Kxf2 60. a7 Rh8 61. Kb7 Rh7+ 62. Kb8 Rh8+ 63. Kb7 Rg8 64. a8=Q Rxa8 65. Kxa8 1/2-1/2

[Event "*** Titled Tuesday Blitz"]
[Site "Chess.com"]
[Date "2021.03.02"]
[Round "9"]
[White "Atco84"]
[Black "BJthechessgod"]
[Result "0-1"]
[WhiteElo "2396"]
[BlackElo "2268"]
[TimeControl "180+1"]
[EndTime "11:48:12 PST"]
[Termination "BJthechessgod won by resignation"]

1. b3 Nf6 2. Bb2 e5 3. Bxe5 Nc6 4. Bb2 Bd6 5. Nf3 O-O 6. g3 Re8 7. Bg2 Qe7 8. e3 Ne4 9. O-O Ne5 10. d3 Nxf3+ 11.
Qxf3 Ng5 12. Qe2 c6 13. f4 Ne6 14. f5 Nd8 15. e4 f6 16. Nd2 Nf7 17. d4 b5 18. Rae1 c5 19. e5 Rb8 20. Bd5 cxd4 21. Nf3 fxe5 22. Bxd4 exd4 23. Qxe7 Rxe7 24. Rxe7 Bxe7 25.
Ne5 Kf8 26. Nxf7 d6 27. Be6 Bb7 28. Rd1 d5 29. Ne5 Ke8 30. Bf7+ Kd8 31. Be6 Ke8 32. Nf3 Bf6 33. Nxd4 a6 34. Kf2 Ke7 35. Ke3 Kd6 36.
Kd3 b4 37. a3 a5 38. axb4 axb4 39. Ra1 Ra8 40. Rxa8 Bxa8 41. Nf3 Bb7 42. g4 Ba6+ 43. Ke3 h6 44. h4 Bc3 45. g5 hxg5 46. hxg5 Bf1 47.
Bg8 Bh3 48. Kf4 Bg2 49. f6 gxf6 50. g6 f5 51. Bh7 Bg7 52. Bg8 Ke7 53. Ne5 Be4 54.
Nc6+ Kf8 55. Nxb4 Kxg8 56. c4 d4 57. Na6 d3 58. Ke3 Bc3 59. Nc5 d2 60. Ke2 Bf3+ 61. Kxf3 d1=Q+ 62. Kf4 Qd4+ 0-1

[Event "*** Titled Tuesday Blitz"]
[Site "Chess.com"]
[Date "2021.03.02"]
[Round "9"]
[White "kubal123"]
[Black "dosto07"]
[Result "1-0"]
[WhiteElo "2234"]
[BlackElo "2314"]
[TimeControl "180+1"]
[EndTime "11:48:13 PST"]
[Termination "kubal123 won on time"]

1. d4 d5 2. Bf4 Nf6 3. e3 c5 4. c3 Nc6 5. Nd2 e6 6. Ngf3 Bd6 7. Bg3 O-O 8. Bd3 b6 9. Qe2 Bb7 10. e4 dxe4 11. Nxe4 Be7 12. dxc5 bxc5 13. Rd1 Qc8 14. Nd6 Bxd6 15. Bxd6 Rd8 16. Bxc5 e5 17. Ng5 h6 18. Ne4 Nd5 19. Nd6 Rxd6 20. Bxd6 Nf4 21. Qe4 Nxd3+ 22. Qxd3 Qg4 23. O-O Nd4 24. f3 Qe6 25.
cxd4 Qxd6 26. dxe5 Qxe5 27. Qd4 Qa5 28. a3 Re8 29.
Kh1 Re2 30. Qd8+ Qxd8 31. Rxd8+ Kh7 32. b4 Ba6 33. Ra1 Bb5 34. h3 a6 35. Kh2 Bc6 36. Kg3 h5 37. Rd6 Bb7 38. Rb6 Bd5 39. Rxa6 g5 40. Ra5 h4+ 41. Kh2 Bxf3 42. Rxg5 Be4 43. Rg4 Kh6 44. Rxh4+ Kg5 45. Rg4+ Kf6 46. b5 Ke5 47. b6 f5 48. Rxe4+ fxe4 49. b7 Rb2 50. a4 e3 51. a5 Rxb7 52. a6 Rb8 53. a7 Ra8 54. Ra3 Ke4 55. Kg1 e2 56. Kf2 Rxa7 57. Rxa7 e1=Q+ 58. Kxe1 1-0

[Event "*** Titled Tuesday Blitz"]
[Site "Chess.com"]
[Date "2021.03.02"]
[Round "9"]
[White "Hangar-18"]
[Black "Angel_Hranitel_37"]
[Result "0-1"]
[WhiteElo "2371"]
[BlackElo "2500"]
[TimeControl "180+1"]
[EndTime "11:48:14 PST"]
[Termination "Angel_Hranitel_37 won by resignation"]

1. c4 b6 2. Nc3 Bb7 3. e3 Nf6 4. Nf3 d6 5. b3 e5 6. d3 Nbd7 7. Bb2 g6 8. Be2 Bg7 9. O-O O-O 10. Rc1 Nc5 11. Ne1 a5 12. Rc2 Qd7 13. Bf3 e4 14. dxe4 Nfxe4 15. Nxe4 Bxe4 16. Bxe4 Nxe4 17. Bxg7 Kxg7 18. Qd4+ Nf6 19. Rd2 a4 20. Nd3 axb3 21.
axb3 Qf5 22. Nf4 Qe5 23. Qxe5 dxe5 24. Nd5 Ne4 25. Rb2 Ra7 26. f3 Nc5 27. Rd1 c6 28. Nc3 Rc8 29. b4 Ne6 30. Ne4 Ra3 31. Kf2 b5 32. c5 Nc7 33. Rd7 Nd5 34. Rxf7+ Kxf7 35. Nd6+ Ke6 36. Nxc8 Nxe3 37. Rd2 Nd5 38. Rb2 Ra4 39. Nd6 Nxb4 40. Re2 Nd3+ 41. Kg3 Nxc5 42. Ne8 e4 43. h4 Ra7 44. h5 Re7 45. hxg6 hxg6 46. Rc2 Rxe8 47.
Rxc5 Kd6 48. Rc2 e3 49. Re2 b4 50. f4 b3 51. Kf3 c5 52. g4 c4 53. f5 gxf5 54. gxf5 c3 55. f6 b2 56. Re1 c2 57.
f7 Rf8 58. Kxe3 c1=Q+ 59. Rxc1 bxc1=Q+ 60. Kd3 Rxf7 61. Kd4 Qc5+ 62. Kd3 Rf3+ 0-1

[Event "*** Titled Tuesday Blitz"]
[Site "Chess.com"]
[Date "2021.03.02"]
[Round "9"]
[White "KonstantinB_1983"]
[Black "Ali-Farahat"]
[Result "0-1"]
[WhiteElo "2520"]
[BlackElo "2424"]
[TimeControl "180+1"]
[EndTime "11:48:15 PST"]
[Termination "Ali-Farahat won by checkmate"]

1. Nf3 d5 2. e3 Nf6 3. c4 c6 4. Qc2 g6 5. b3 Bg7 6. Bb2 O-O 7. d3 a5 8. a3 Na6 9. Nbd2 b5 10. c5 Re8 11. Be2 Bg4 12. h3 Bxf3 13. Nxf3 Nd7 14. Bxg7 Kxg7 15. d4 e5 16. O-O e4 17.
Nd2 f5 18. Rae1 Nc7 19. Qc1 Nf6 20. Nb1 Re7 21. Qc3 Ne6 22. Nd2 Qc7 23. g3 Rf8 24. Kg2 Rfe8 25. h4 h6 26. Rh1 g5 27.
hxg5 hxg5 28. Rh2 f4 29. Reh1 f3+ 30. Bxf3 exf3+ 31. Nxf3 Nf8 32. Nxg5 Ne4 33. Nxe4 Rxe4 34. Rh5 R8e6 35. Qe1 Rg6 36. Rh8 Qf7 37. Qe2 Qf5 38. R8h5 Qe6 39. Qf3 Reg4 40. Rh8 Qf7 41. Qe2 R4g5 42.
Qe1 Rf6 43. Qe2 Qe6 44. R8h4 Rgf5 45. f4 Kf7 46. Qf3 Ke8 47. g4 Rg5 48. Kh3 Rg7 49.
Kg3 Qe4 50. Rh5 Qd3 51. Re5+ Kd7 52. f5 Ne6 53. fxe6+ Ke7 54. Rf5 Rxf5 55. Qxf5 Qxf5 56. Rh4 Qf1 57. g5 Qg1+ 58. Kh3 Qxg5 59. Rh7 Qg4+ 60. Kh2 Rxh7# 0-1

[Event "*** Titled Tuesday Blitz"]
[Site "Chess.com"]
[Date "2021.03.02"]
[Round "9"]
[White "alejogarcia1999"]
[Black "KubaGepard"]
[Result "1-0"]
[WhiteElo "2528"]
[BlackElo "2393"]
[TimeControl "180+1"]
[EndTime "11:48:15 PST"]
[Termination "alejogarcia1999 won by checkmate"]

1. d4 d5 2. c4 dxc4 3. e3 Nf6 4. Bxc4 e6 5. Nf3 c5 6. O-O a6 7. a3 Nc6 8. Nc3 Qc7 9. Ba2 Bd6 10. d5 exd5 11. Nxd5 Nxd5 12. Qxd5 Be6 13. Qg5 Bxa2 14. Qxg7 O-O-O 15. Rxa2 Rhg8 16. Qxh7 Kb8 17. g3 Qd7 18. Qe4 Qh3 19. Qh4 Qe6 20. Ra1 Rh8 21. Qa4 Rdg8 22. Rd1 Qh6 23. Qe4 Bc7 24. b4 cxb4 25. Bb2 Rh7 26. axb4 Qh3 27. b5 axb5 28. Rdc1 f5 29. Qd5 Rc8 30. Qxb5 Bxg3 31. fxg3 Qh6 32. Be5+ Nxe5 33.
Qxe5+ Rhc7 34. Rxc7 Rxc7 35. Rc1 Ka8 36. Qxc7 f4 37.
Qc8+ Ka7 38. Qc5+ Kb8 39. Qc7+ Ka7 40. Ra1+ Qa6 41. Rxa6+ Kxa6 42. Qxf4 Kb5 43. Qd4 b6 44. Ne5 Ka5 45. Qc4 b5 46. Qc7+ Kb4 47. Qb7 Kc5 48.
Qxb5+ Kxb5 49. h4 Kc5 50. h5 Kd5 51. h6 Ke4 52. h7 Kf5 53. h8=Q Kg5 54. Nc4 Kf5 55.
Nb2 Kg5 56. Nd1 Kg4 57. Qh4+ Kf3 58. Qf4+ Ke2 59. Qf2+ Kd3 60. Nb2+ Ke4 61. Qf4+ Kd5 62. Kf2 Ke6 63. Ke2 Kd5 64. Kd3 Ke6 65. Qg5 Kd6 66.
Qf5 Ke7 67. Qg6 Kd7 68. Qf6 Kc7 69. g4 Kd7 70. g5 Kc7 71. g6 Kd7 72. g7 Kc7 73. g8=Q Kb7 74. Qgg7+ Kc8 75. Qff8# 1-0

[Event "*** Titled Tuesday Blitz"]
[Site "Chess.com"]
[Date "2021.03.02"]
[Round "9"]
[White "kamilianin235"]
[Black "Chimpinha"]
[Result "0-1"]
[WhiteElo "2184"]
[BlackElo "2391"]
[TimeControl "180+1"]
[EndTime "11:48:15 PST"]
[Termination "Chimpinha won on time"]

1. e4 e6 2. d4 d5 3. Nd2 Be7 4. Bd3 c5 5. dxc5 Nf6 6. exd5 Qxd5 7. Ngf3 Qxc5 8. O-O Nbd7 9. c3 O-O 10. Qe2 b6 11. Ne4 Qc7 12. Bg5 Bb7 13. Bh4 Rfe8 14. Bg3 Qc6 15. Nd4 Qd5 16. f3 Nc5 17. Nxf6+ Bxf6 18. Bc2 Bxd4+ 19. cxd4 Qxd4+ 20. Bf2 Qf6 21. Rfd1 Rad8 22. Rxd8 Rxd8 23. Rd1 Ba6 24. Qe1 Bd3 25. Bxd3 Rxd3 26. Bxc5 Rxd1 27. Qxd1 bxc5 28. Qb3 Qd4+ 29. Kh1 Qb4 30.
Qd1 Qd4 31. Qb3 g6 32. h3 c4 33. Qb8+ Kg7 34. Qb4 e5 35. Kh2 Qf4+ 36. Kh1 Qd4 37. Kh2 h5 38. a4 h4 39. Kh1 Qd1+ 40. Kh2 Qb3 41. Qc5 Qxb2 42. Qxc4 Qd4 43. Qc2 a5 44.
Qe2 Qf4+ 45. Kh1 Kf6 46. Qb5 Qd2 47. Kh2 g5 48. Qb6+ Kf5 49. Qb5 Qd8 50. Qb1+ Kf6 51. Qb5 Qc7 52. Qd3 e4+ 0-1

[Event "*** Titled Tuesday Blitz"]
[Site "Chess.com"]
[Date "2021.03.02"]
[Round "9"]
[White "Stouuf"]
[Black "Misticpikachu"]
[Result "1-0"]
[WhiteElo "2615"]
[BlackElo "2431"]
[TimeControl "180+1"]
[EndTime "11:48:18 PST"]
[Termination "Stouuf won on time"]

1. e4 c5 2. Nf3 Nc6 3. Bb5 e6 4. Bxc6 bxc6 5. d3 Ne7 6. h4 h5 7. Qe2 Ng6 8. e5 f6 9. Qe4 Kf7 10. Na3 Qc7 11. Bf4 d5 12. exd6 Bxd6 13. Bxd6 Qxd6 14. Nc4 Qd5 15. Ne3 Qxe4 16. dxe4 Ba6 17. O-O-O Rhd8 18. Rxd8 Rxd8 19. Rd1 Rxd1+ 20. Kxd1 Nf4 21.
Kd2 Be2 22. Ng1 Ba6 23. g3 Ng6 24. f4 Ne7 25. Nf3 Ng6 26. c4 Ke7 27. Kc3 Bc8 28.
e5 Nf8 29. Ne1 Nd7 30. Nd3 Kf7 31. Kd2 g5 32. hxg5 fxg5 33. fxg5 Kg6 34. Nf4+ Kxg5 35. Nxe6+ Kh6 36. Nf5+ Kh7 37. Nd6 Ba6 38. b3 Nxe5 39. Nc7 Nf3+ 40. Ke3 Nd4 41. Nxa6 Kg6 42. Nxc5 Nf5+ 43.
Nxf5 Kxf5 44. Ne4 Ke5 45. Nf2 a5 46. Nh3 Kf5 47. Kf3 Ke5 48. Nf4 Kd4 49. Nxh5 Kc3 50.
g4 Kb2 51. g5 Kxa2 52. g6 Kxb3 53. g7 a4 54. g8=Q a3 55. c5+ Kb2 56. Qb8+ Ka1 57. Qa8 a2 58. Qxc6 Kb2 59. Qa4 1-0